 Dungeon Crawl Stone Soup version 0.26.1-11-gd32895ea62 (webtiles) character file.

Game seed: 17855671901360670823

95 Descartes the Ruffian (level 4, 0/45 HPs)
             Began as a Troll Chaos Knight on May 25, 2021.
             Was a Plaything of Xom.
             Slain by Sigmund
             ... wielding a +3 scythe of protection
              (6 damage)
             ... on level 2 of the Dungeon.
             The game lasted 00:02:54 (1725 turns).

Descartes the Ruffian (Troll Chaos Knight)          Turns: 1725, Time: 00:02:55

Health: 0/45       AC:  9    Str: 20      XL:     4   Next: 39%
Magic:  3/3        EV: 10    Int:  6 (9)  God:    Xom [....*.]
Gold:   161        SH:  0    Dex:  9      Spells: 3/3 levels left

rFire    . . .     SeeInvis .     - Unarmed
rCold    . . .     Faith    .   (no shield)
rNeg     . . .     Spirit   .   a - +2 robe
rPois    .         Reflect  .   (helmet restricted)
rElec    .         Harm     .   i - +0 cloak
rCorr    .         Rampage  .   (gloves unavailable)
Will     .....                  (boots unavailable)
Stlth    +.........             (no amulet)
HPRegen  0.55/turn              (no ring)
MPRegen  0.08/turn              (no ring)

@: no status effects
A: large, unfitting armour, claws 3, regeneration 1, shaggy fur 1, tough skin 3
a: Renounce Religion


You were on level 2 of the Dungeon.
You worshipped Xom.
You were a beloved toy of Xom.
You visited 1 branch of the dungeon, and saw 2 of its levels.

You collected 161 gold pieces.

Inventory:

Missiles
 f - 6 large rocks (quivered)
 g - 117 stones
 o - 23 sling bullets
Armour
 a - a +2 robe (worn)
 i - a +0 cloak (worn)
Wands
 n - a wand of iceblast (6)
Scrolls
 c - 4 scrolls of identify {unknown}
 d - 4 scrolls of remove curse {unknown}
 h - a scroll of acquirement {unknown}
 j - a scroll of teleportation {unknown}
 p - a scroll of immolation {unknown}
 q - 3 scrolls of magic mapping {unknown}
Potions
 b - 3 potions of degeneration {unknown}
 e - 2 potions of flight {unknown}
 k - a potion of resistance {unknown}
 l - a potion of heal wounds {unknown}
 m - 2 potions of brilliance {unknown}


   Skills:
 + Level 3.1 Fighting
 + Level 2.7 Dodging
 + Level 3.9 Unarmed Combat


You had 3 spell levels left.
You didn't know any spells.
Your spell library was empty.

Dungeon Overview and Level Annotations

Branches:
Dungeon (2/15)

Altars:
Okawaru

Annotations:
D:2 Sigmund


Innate Abilities, Weirdness & Mutations

You are too large for most types of armour.
You have claws for hands.
Your natural rate of healing is unusually fast.
You are covered in fur. (AC +1)
You have extremely tough skin. (AC +3)


Message History

You hear some strange, mumbled words.
A magic dart appears from out of thin air!
The magic dart hits you.
You claw something!
You hear some strange, mumbled words.
You are confused.
You completely miss something. Something hits you!
You closely miss something.
You're too confused to move!
Something hits you!
* * * LOW HITPOINT WARNING * * *
You barely miss something.
You bump into the rock wall.
Something hits you.
* * * LOW HITPOINT WARNING * * *
You bump into the rock wall.
You feel less confused. Something hits you but does no damage.
You scratch something. You scratch something but do no damage.
Something hits you.
You die...
Xom yawns loudly!

#..........# #.##......#
#....(.....# #..#......#
#..........####.#......#
#######{.....................####
#...............#####........'...
#.......######.## ##.......####
#.......# #.# #.......# #
#.......# #.#######..###### #
#.......# #.{@.......# #
#...>...# #######.#..# #
######### #..........# #
#.#####....# #
#############.#........#########
#...........#.........รท.........
#...........###.#####.>....#####
#...........###.# #......# #
#...............# #......# #


There were no monsters in sight!

Vanquished Creatures
  Robin (D:2)
  An adder (D:2)
  An ooze (D:1)
  2 worms (D:2)
  3 leopard geckos
  4 bats
  4 giant cockroaches
  7 goblins
  6 hobgoblins (D:2)
  6 jackals
  8 kobolds
  2 quokkas (D:2)
  A frilled lizard (D:2)
  3 rats
49 creatures vanquished.

Vanquished Creatures (collateral kills)
  A worm (D:2)
  4 goblins (D:2)
  A hobgoblin (D:2)
6 creatures vanquished.

Grand Total: 55 creatures vanquished

Notes
Turn   | Place    | Note
-------+----------+-------------------------------------------
     0 | D:1      | Descartes the Troll Chaos Knight began the quest for the
                  | Orb.
     0 | D:1      | Reached XP level 1. HP: 22/22 MP: 0/0
   192 | D:1      | Reached XP level 2. HP: 29/29 MP: 1/1
   278 | D:1      | XOM: divination: magic mapping
   384 | D:1      | XOM: divination: detect creatures
   908 | D:1      | XOM: noise
   914 | D:1      | XOM: god gift: scroll labelled JIAKHL LICS {god gift}
   960 | D:2      | Reached XP level 3. HP: 36/36 MP: 2/2
  1044 | D:2      | Found an iron altar of Okawaru.
  1280 | D:2      | Noticed Robin
  1282 | D:2      | XOM: summons friendly quasit
  1288 | D:2      | XOM: smoke on damage
  1289 | D:2      | Killed Robin
  1291 | D:2      | Reached XP level 4. HP: 40/45 MP: 3/3
  1444 | D:2      | XOM is BORED!
  1444 | D:2      | XOM: stat loss: -3 Int (6/9)
  1477 | D:2      | XOM: 5-stop teleportation journey
  1693 | D:2      | Noticed Sigmund
  1725 | D:2      | Slain by Sigmund

Illustrated notes

Levels and vault maps discovered:
D:1:      psy_arrival_conway, layout_loops_ring, minivault_24
D:2:      layout_basic, overflow_temple_1_default, uniq_robin, uniq_sigmund

Skill      XL: |  1  2  3 |
---------------+----------+-----
Dodging        | 2 |  2.7
Fighting       | 3 |  3.1
Unarmed Combat | |  3.9

Action                   |  1- 3 |  4- 6 || total
-------------------------+-------+-------++-------
Melee: Unarmed           |    87 |    51 ||   138
       Punch             |     2 |     1 ||     3
Armor: Robe              |    41 |    20 ||    61
Dodge: Dodged            |    45 |    30 ||    75
